 Dungeon Crawl Stone Soup version 0.26-a0-712-ga5a9c9c9d0 (webtiles) character file.

Game seed: 1131305934531936383

49 Sobieck the Digger (level 3, -1/19 HPs)
             Began as a Gargoyle Earth Elementalist on Nov 1, 2020.
             Slain by an orc
             ... wielding a +0 flail
              (2 damage)
             ... on level 3 of the Dungeon.
             The game lasted 00:02:08 (548 turns).

Sobieck the Digger (Gargoyle Earth Elementalist)     Turns: 548, Time: 00:02:09

Health: -1/19      AC:  6    Str: 11    XL:     3   Next: 77%
Magic:  5/6        EV: 12    Int: 16    God:
Gold:   10         SH:  0    Dex: 10    Spells: 2/6 levels left

rFire    . . .     SeeInvis .   d - +0 club
rCold    . . .     Faith    .   (no shield)
rNeg     + . .     Spirit   .   c - +0 robe
rPois    ∞         Reflect  .   (no helmet)
rElec    +         Harm     .   (no cloak)
rCorr    .         Rampage  .   (no gloves)
MR       .....                  e - +0 pair of boots
Stlth    ++........             (no amulet)
HPRegen  0.06/turn              (no ring)
MPRegen  0.10/turn              (no ring)

@: no status effects
A: negative energy resistance 1, electricity resistance, unbreathing,
petrification resistance, rot immunity, AC +3
a: no special abilities


You were on level 3 of the Dungeon.
You visited 1 branch of the dungeon, and saw 4 of its levels.

You collected 10 gold pieces.

Inventory:

Hand Weapons
 d - a +0 club (weapon)
Missiles
 b - 13 stones (quivered)
Armour
 c - a +0 robe (worn)
 e - a +0 pair of boots (worn)
Potions
 a - a potion of curing {unknown}


   Skills:
 - Level 1.5 Dodging
 - Level 2.1 Stealth
 - Level 2.0 Spellcasting
 + Level 1.7 Conjurations
   Level 0.7 Transmutations
 - Level 5.1 Earth Magic


You had 2 spell levels left.
You knew the following spells:

 Your Spells              Type           Power        Failure   Level
a - Sandblast             Erth           ###...       2%          1
b - Stone Arrow           Conj/Erth      ##....       16%         3

Your spell library contained the following spells:

 Spells                   Type           Power        Failure   Level
 Passwall                 Tmut/Erth      ##......     10%         2
 Petrify                  Tmut/Erth      ##......     52%         4
 Lee's Rapid Deconstruct  Erth           ###.......   56%         5


Dungeon Overview and Level Annotations

Branches:
Dungeon (4/15)
 Temple: D:4-7

Altars:


Innate Abilities, Weirdness & Mutations

You are resistant to torment.
Your stone body is resilient. (AC +3)
You are immune to poison.
You resist negative energy. (rN+)
You are resistant to electric shocks. (rElec)
You can survive without breathing.
You are immune to petrification.
You are immune to rotting.


Message History

The orc shouts!
The gnoll hits you.
There is a stone staircase leading up here.
The gnoll hits you. The orc barely misses you.
You climb upwards.
There is a stone staircase leading down here.
The gnoll misses you. The orc hits you with a +0 flail. The gnoll hits you.
* * * LOW HITPOINT WARNING * * *
You see here a +0 dagger.
Casting: Sandblast (safe; 2% risk of failure)
Confirm with . or Enter, or press ? or * to list all spells.
Aiming: Sandblast (safe; 2% risk of failure)
Press: ? - help, Shift-Dir - straight line, f - orc
Aim: an orc, wielding a +0 flail and wearing a +0 scale mail The blast of sand hits the orc.
The orc is lightly wounded.
b - 13 stones The orc hits you with a +0 flail.
You die...

#. #. ## #.
#####.# #.
#....# #.
##.#.#
#.######)...#
#$...@og.>..#
##..####...##
#.<# ##.##
#..#####.#
#..#..)..#
#..#.#####
#..#.#######
##..#.......#
#............


You could see a gnoll and an orc.

Vanquished Creatures
  4 gnolls
  An orc (D:3)
  4 goblins
  A bat (D:1)
  A kobold (D:1)
  A rat (D:1)
12 creatures vanquished.

Notes
Turn   | Place    | Note
-------+----------+-------------------------------------------
     0 | D:1      | Sobieck the Gargoyle Earth Elementalist began the quest for
                  | the Orb.
     0 | D:1      | Reached XP level 1. HP: 10/10 MP: 3/3
   108 | D:1      | Reached skill level 4 in Earth Magic
   127 | D:1      | Reached XP level 2. HP: 15/15 MP: 0/5
   235 | D:3      | Reached skill level 5 in Earth Magic
   235 | D:3      | Reached XP level 3. HP: 19/19 MP: 4/6
   240 | D:3      | Learned a level 3 spell: Stone Arrow
   265 | D:3      | Reached skill level 1 in Conjurations
   548 | D:3      | Slain by an orc

Illustrated notes

Levels and vault maps discovered:
D:1:      minmay_arrival_doors, layout_loops_corners, st_stairs_9,
          serial_bayou_lagoon_a, minmay_pentomino_w4
D:2:      layout_basic, chequers_temple_overflow_minitemple, lemuel_round_altar,
          uniq_robin
D:3:      layout_loops_ring, makhleb_heckhound_becter, lemuel_doored_altar,
          gammafunk_ghost_stat_death
D:4:      layout_rooms, lemuel_round_altar, minmay_misc_feat_chi, uniq_menkaure,
          uniq_sigmund

Skill      XL: |  1  2  3 |
---------------+----------+-----
Earth Magic    | 4 5 |  5.1
Conjurations   | 1 |  1.7
Dodging        | |  1.5
Stealth        | |  2.1
Spellcasting   | |  2.0
Transmutations | |  0.7

Action                   || total
-------------------------++-------
Melee: Unarmed           ||     4
       Club              ||     3
 Cast: Sandblast         ||    17
Armor: Robe              ||    10
Dodge: Dodged            ||    11

Table legend: (Time is in decaauts)
 A = Elapsed time spent in this place.
 B = Non-inter-level travel time spent in this place.
 C = Inter-level travel time spent in this place.
 D = Time resting spent in this place.
 E = Time spent auto-exploring this place.
 F = Levels seen in this place.
 G = Mean time per level.
                   A        B        C        D        E       F      G
               +--------+--------+--------+--------+--------+-----+--------+
         Total |    551 |    488 |     63 |    246 |     78 |   4 |  137.8 |
       Dungeon |    551 |    488 |     63 |    246 |     78 |   4 |  137.8 |
               +--------+--------+--------+--------+--------+-----+--------+

Top non-repeatable levels by time:
     D:3: 321 daAuts
     D:1: 172 daAuts
     D:2: 50 daAuts
     D:4: 7 daAuts
